 Dungeon Crawl Stone Soup version 0.29-a0-668-g12ee2bf84d (webtiles) character file.

Game seed: 12908782699611590100

2 purpskrrrp the Grave Robber (level 1, -1/13 HPs)
             Began as a Mummy Necromancer on June 23, 2022.
             Slain by a hobgoblin (3 damage)
             ... on level 1 of the Dungeon.
             The game lasted 00:00:28 (67 turns).

purpskrrrp the Grave Robber (Mummy Necromancer)       Turns: 67, Time: 00:00:28

Health: -1/13      AC:  2    Str: 11    XL:     1   Next: 25%
Magic:  2/4        EV: 12    Int: 14    God:
Gold:   0          SH:  0    Dex: 12    Spells: 4/5 levels left

rFire   x . .      SeeInvis .   b - +0 club
rCold   + . .      Faith    .   (no shield)
rNeg    + + +      Spirit   .   a - +0 robe
rPois   ∞          Reflect  .   (no helmet)
rElec   .          Harm     .   (no cloak)
rCorr   .          Rampage  .   (no gloves)
Will    .....                   (no boots)
Stlth   ++........              (no amulet)
HPRegen 0.04/turn               (no ring)
MPRegen 0.09/turn               (no ring)

@: no status effects
A: cold resistance 1, negative energy resistance 3, torment resistance 2, heat
vulnerability 1, no potions
a: no special abilities


You were on level 1 of the Dungeon.
You visited 1 branch of the dungeon, and saw 1 of its levels.

Inventory:

Hand Weapons
 b - a +0 club (weapon)
Armour
 a - a +0 robe (worn)


   Skills:
 + Level 1.7 Dodging
 + Level 1.5 Stealth
 + Level 2.6 Spellcasting
 + Level 4.0 Necromancy


You had 4 spell levels left.
You knew the following spells:

 Your Spells              Type           Power      Damage    Failure   Level
a - Necrotize             Necr           52%        1d6       4%          1

Your spell library contained the following spells:

 Spells                   Type           Power      Damage    Failure   Level
 Vampiric Draining        Necr           13%        2d6       13%         3
 Animate Dead             Necr           13%        N/A       38%         4
 Agony                    Necr           13%        N/A       75%         5


Dungeon Overview and Level Annotations

Branches:
Dungeon (1/15)

Altars:


Innate Abilities, Weirdness & Mutations

You are immune to poison.
Your flesh is cold resistant. (rC+)
You are immune to negative energy. (rN+++)
You are immune to unholy pain and torment.
You are vulnerable to heat. (rF-)
You do not drink.


Message History

Found 5 gold pieces.
You see here a +0 club.
b - a +0 club Your goblin skeleton barely misses the endoplasm.
b - a +0 club (weapon)
The endoplasm hits you but does no damage.
Your goblin skeleton hits the endoplasm but does no damage.
You completely miss the endoplasm. The endoplasm closely misses you.
Your goblin skeleton hits the endoplasm but does no damage.
You hit the endoplasm.
The endoplasm is lightly wounded.
The endoplasm hits you.
Your goblin skeleton barely misses the endoplasm.
You hit the endoplasm. You punch the endoplasm.
The endoplasm is severely wounded.
The endoplasm misses you. The hobgoblin closely misses you.
The endoplasm hits you.
Your goblin skeleton hits the endoplasm.
The hobgoblin closely misses you.
You hit the endoplasm but do no damage.
The endoplasm is almost dead.
The endoplasm freezes you.
You are frozen.
You resist. The hobgoblin closely misses you.
Your goblin skeleton hits the endoplasm but does no damage.
You hit the endoplasm but do no damage.
The endoplasm is almost dead.
The hobgoblin barely misses you. The endoplasm hits you.
Your goblin skeleton barely misses the endoplasm.
You hit the endoplasm.
You kill the endoplasm!
The hobgoblin hits you.
Aiming: Necrotize (safe; 4% risk of failure)
Press: ? - help, Q - select action Shift-Dir - straight line, f - hobgoblin
Aim: a hobgoblin (ally target, chance to affect: 83%)
The hobgoblin writhes in agony.
The hobgoblin hits you.
* * * LOW HITPOINT WARNING * * *
Your goblin skeleton hits the hobgoblin.
The hobgoblin attacks as you move away! The hobgoblin hits you.
You die...

PPP♣≈.###.≈P!♣..P♣≈#
≈≈≈≈≈.....≈≈≈≈≈≈≈≈≈#########
≈≈≈≈≈≈≈.≈≈≈≈≈≈≈≈≈≈≈#........
.P.♣PP≈.≈♣♣P♣PP♣P.≈#.......$
.PP♣.P≈.≈P♣PP♣PP♣♣≈#........
≈≈≈≈≈≈≈.≈≈≈≈≈≈≈≈≈≈≈#........
#######'############........
#.############........
#........@gZ..........
##############........
#........ #########


You could see a hobgoblin (ally target) and a friendly goblin skeleton.

Vanquished Creatures
  An endoplasm (D:1)
  A goblin (D:1)
2 creatures vanquished.

Notes
Turn   | Place    | Note
-------+----------+-------------------------------------------
     0 | D:1      | purpskrrrp the Mummy Necromancer began the quest for the
                  | Orb.
     0 | D:1      | Reached XP level 1. HP: 13/13 MP: 4/4
    67 | D:1      | Slain by a hobgoblin

Illustrated notes

Levels and vault maps discovered:
D:1:      lightli_arrival_farm, layout_basic, ebering_ecumenical_altar_box,
          minmay_unequal

Action                   || total
-------------------------++-------
Melee: Club              ||     6
       Punch             ||     1
 Cast: Necrotize         ||     3
Armor: Robe              ||     1
Dodge: Dodged            ||     6

Table legend: (Time is in decaauts)
 A = Elapsed time spent in this place.
 B = Non-inter-level travel time spent in this place.
 C = Inter-level travel time spent in this place.
 D = Time resting spent in this place.
 E = Time spent auto-exploring this place.
 F = Levels seen in this place.
 G = Mean time per level.
                   A        B        C        D        E       F      G
               +--------+--------+--------+--------+--------+-----+--------+
         Total |     74 |     74 |      0 |      0 |     54 |   1 |   74.0 |
       Dungeon |     74 |     74 |      0 |      0 |     54 |   1 |   74.0 |
               +--------+--------+--------+--------+--------+-----+--------+

Top non-repeatable levels by time:
     D:1: 74 daAuts
